 Dungeon Crawl Stone Soup version 0.30.1-11-g7821555f0a (webtiles) character file.

Game seed: 3650205930937022343

411 Okkudo the Chopper (level 6, -4/57 HPs)
             Began as a Hill Orc Monk on Nov 28, 2023.
             Slain by Pikel
             ... wielding a +1 whip of electrocution
              (6 damage)
             ... on level 4 of the Dungeon.
             The game lasted 00:10:31 (2362 turns).

Okkudo the Chopper (Hill Orc Monk)                  Turns: 2362, Time: 00:10:31

Health: -4/57      AC:  9    Str: 16    XL:     6   Next: 90%
Magic:  6/6        EV:  8    Int: 10    God:
Gold:   133        SH:  5    Dex: 19    Spells: 5/5 levels left

rFire   . . .        j - +1 war axe
rCold   . . .        q - +0 buckler
rNeg    . . .        i - +0 chain mail
rPois   .            k - +0 helmet
rElec   .            (no cloak)
rCorr   .            (no gloves)
SInv    .            (no boots)
Will    .....        (no amulet) Stlth
                     f - +6 ring of dexterity
HPRegen 0.29/turn    (no ring)
MPRegen 0.10/turn

%: no passive effects
@: no status effects
A: no striking features
a: no special abilities


You were on level 4 of the Dungeon.
You visited 1 branch of the dungeon, and saw 4 of its levels.

You collected 133 gold pieces.

Inventory:

Hand Weapons
 j - a +1 war axe (weapon)
Missiles
 p - 3 javelins (quivered)
 r - 3 poisoned darts
Armour
 d - an orb of light
 i - a +0 chain mail (worn)
 k - a +0 helmet (worn)
 q - a +0 buckler (worn)
Jewellery
 f - a +6 ring of dexterity (left hand)
Scrolls
 a - 2 scrolls of teleportation {unknown}
 b - a scroll of fog {unknown}
 l - a scroll of butterflies {unknown}
 m - a scroll of amnesia {unknown}
 s - a scroll of noise {unknown}
 t - a scroll of immolation {unknown}
Potions
 c - a potion of ambrosia
 e - a potion of heal wounds {unknown}
 h - 2 potions of lignification {unknown}
 n - a potion of invisibility {unknown}
 o - 2 potions of curing {unknown}


   Skills:
 + Level 5.8 Fighting
 * Level 7.1 Axes
 - Level 3.2 Dodging
 + Level 2.3 Shields


You had 5 spell levels left.
You didn't know any spells.
Your spell library contained the following spells:

 Spells                   Type           Power      Damage    Failure   Level
 Ensorcelled Hibernation  Hex/Ice        0%         N/A       100%        2
 Spider Form              Tmut/Pois      0%         N/A       100%        3
 Vhi's Electric Charge    Tloc/Air       0%         N/A       100%        3
 Anguish                  Hex/Necr       0%         N/A       100%        4
 Arcjolt                  Conj/Air       0%         1d10      100%        5
 Plasma Beam              Fire/Air       0%         2x1d11    100%        6


Dungeon Overview and Level Annotations

Branches:
Dungeon (3/15)

Altars:
Uskayaw

Shops:
D:2 (

Annotations:
D:4 Pikel


Message History

You kill the howler monkey!
Your Axes skill increases to level 7!
You see here a howler monkey corpse.
Pikel and 3 lemures come into view.
Pikel is wielding a +1 whip of electrocution and wearing a +1 robe of willpower.
Pikel shouts!
The lemure shouts!
A lemure comes into view.
You barely miss the lemure. You barely miss Pikel. You closely miss Pikel.
Pikel barely misses you.
You hit Pikel.
Pikel is lightly wounded.
Pikel hits you with a +1 whip of electrocution.
You are electrocuted!
You hit Pikel but do no damage.
Pikel is lightly wounded.
Pikel hits you but does no damage.
You are electrocuted!
* * * LOW HITPOINT WARNING * * *
You slash Pikel!
Pikel is moderately wounded.
Pikel misses you.
Pikel hits you with a +1 whip of electrocution!
* * * LOW HITPOINT WARNING * * *
You hit Pikel.
Pikel is moderately wounded.
Pikel hits you with a +1 whip of electrocution.
* * * LOW HITPOINT WARNING * * *
As you read the scroll labelled CIHAEROJOI, it crumbles to dust.
It is a scroll of enchant weapon.
Your +0 war axe glows red for a moment.
You block Pikel's attack.
You slash Pikel!
Pikel is heavily wounded.
Pikel completely misses you.
You hit Pikel but do no damage.
Pikel is heavily wounded.
You block Pikel's attack.
You barely miss Pikel.
Pikel is heavily wounded.
Pikel hits you with a +1 whip of electrocution.
You die...

### ..# #.#
########
#.#####
###.....@#
......#
#......#K#
#.###.#
#.#.##.#5# ..#
#.###.#.##.#5#
###
#.......##.#5#
.#
#####.####†#5.
.#
######)####.##.
.#
#...........# .
.#
#.......#####


You could see Pikel and 4 lemures.

Vanquished Creatures
  An ogre (D:4)
  2 scorpions (D:4)
  A howler monkey (D:4)
  Natasha (D:4)
  3 gnolls (D:2)
  3 adders
  An ufetubus (D:4)
  4 worms
  4 dart slugs
  2 orcs (D:3)
  6 ball pythons
  10 bats
  4 endoplasms
  2 giant cockroaches
  7 goblins
  2 hobgoblins
  2 jackals (D:2)
  2 quokkas
  3 frilled lizards
  7 kobolds
  5 rats
72 creatures vanquished.

Notes
Turn   | Place    | Note
-------+----------+-------------------------------------------
     0 | D:1      | Okkudo the Hill Orc Monk began the quest for the Orb.
     0 | D:1      | Reached XP level 1. HP: 19/19 MP: 1/1
   157 | D:1      | Reached XP level 2. HP: 27/27 MP: 2/2
   503 | D:1      | Reached XP level 3. HP: 31/33 MP: 3/3
   940 | D:2      | Reached XP level 4. HP: 12/41 MP: 4/4
   970 | D:2      | Reached skill level 5 in Axes
  1352 | D:2      | Found a faded altar of an unknown god.
  1486 | D:2      | Found Exkeb's Weapon Emporium.
  1677 | D:3      | Reached XP level 5. HP: 46/47 MP: 5/5
  1808 | D:3      | Found a hide-covered altar of Uskayaw.
  1902 | D:3      | Reached skill level 5 in Fighting
  2021 | D:3      | You fall into a shaft and drop 1 floor!
  2065 | D:4      | Noticed Natasha
  2076 | D:4      | Killed Natasha
  2115 | D:4      | Reached skill level 6 in Axes
  2115 | D:4      | Reached skill level 1 in Shields
  2115 | D:4      | Reached XP level 6. HP: 47/56 MP: 6/6
  2344 | D:4      | Reached skill level 7 in Axes
  2350 | D:4      | Noticed Pikel
  2357 | D:4      | HP: 2/57 [Pikel/+1 whip of electrocution (9)]
  2362 | D:4      | Slain by Pikel

Illustrated notes

Levels and vault maps discovered:
D:1:      evilmike_arrival_plus, layout_basic
D:2:      layout_basic, serial_shops, shop,
          dreamdust_ecumenical_altar_angels_and_demons
D:3:      layout_loops_ring, general_overflow_altar
D:4:      layout_loops_cross, overflow_temple_1_default, temple_fountains,
          kennysheep_generic_room_10, uniq_pikel, uniq_natasha

Skill      XL: |  1  2  3  4  5  6 |
---------------+-------------------+-----
Fighting       | 4 5 |  5.8
Dodging        | 3 |  3.2
Axes           | 5 6 7 |  7.1
Shields        | 1 2 |  2.3

Action                     |  1- 3 |  4- 6 || total
---------------------------+-------+-------++-------
  Melee: Hand axe          |    60 |       ||    60
         War axe           |    25 |   127 ||   152
  Throw: Stone             |     1 |     2 ||     3
         Javelin           |       |     2 ||     2
    Use: Scroll            |       |     1 ||     1
 Armour: Robe              |     3 |       ||     3
         Chain mail        |    60 |    68 ||   128
  Dodge: Dodged            |    64 |    40 ||   104
  Block: Buckler           |       |    15 ||    15
